 Dungeon Crawl Stone Soup version 0.25-a0-265-g7af84ae0ac (webtiles) character file.

Game seed: 5764738532055200056, levelgen mode: deterministic

5929 Redear the Skirmisher (level 10, 0/64 HPs)
             Began as an Octopode Chaos Knight on Dec 8, 2019.
             Was a Plaything of Xom.
             Succumbed to a hornet's poison
             ... on level 10 of the Dungeon.
             The game lasted 00:42:30 (11924 turns).

Redear the Skirmisher (Octopode Chaos Knight)      Turns: 11924, Time: 00:42:31

Health: 0/64       AC:  1    Str:  9      XL:     10   Next: 83%
Magic:  13/13      EV: 18    Int: 14      God:    Xom [....*.]
Gold:   422        SH: 10    Dex: 21 (22) Spells: 6/13 levels left

rFire    + . .     SeeInvis .   O - +8 dagger (freeze)
rCold    . . .     Gourm    .   K - +0 shield
rNeg     . . .     Faith    .   (helmet restricted)
rPois    .         Spirit   .   r - amulet of regeneration {+Regen}
rElec    +         Reflect  .   i - ring of Tusigito {rElec rF+ MR+}
rCorr    .         Harm     .   m - ring of protection from magic {MR+}
MR       ++...                  y - +3 ring of dexterity
Stlth    ++++......             J - +3 ring of dexterity
HPRegen  0.60/turn              (no ring)
MPRegen  0.13/turn              (no ring)
                                (no ring)
                                (no ring)

@: lethally poisoned (0 -> -8)
A: almost no armour, stealthy swim, amphibious, 8 rings, constrict 8, camouflage
1, blurry vision 2, frail 1, weak 1, gelatinous body 1, MP-powered wands
a: Renounce Religion


You were on level 10 of the Dungeon.
You worshipped Xom.
You were a beloved toy of Xom.
You were not hungry.

You visited 1 branch of the dungeon, and saw 10 of its levels.

You collected 422 gold pieces.

Inventory:

Hand Weapons
 a - a +0 falchion of chaos
 b - a -3 mace
 d - a +4 quarterstaff of chaos
 f - a +0 vampiric whip {!w}
 u - a +1 falchion of freezing
 v - a +0 whip of electrocution
 A - a +3 mace
 O - a +8 dagger of freezing (weapon)
Missiles
 D - 4 datura-tipped darts
 Q - 9 curare-tipped darts
 Z - a throwing net (quivered) {+f}
Armour
 o - a +0 large shield
 K - a +0 shield (worn)
Magical Staves
 g - an uncursed staff of conjuration {unknown}
Jewellery
 i - the ring of Tusigito (left tentacle) {rElec rF+ MR+}
   (Xom gifted it to you on level 2 of the Dungeon)

   [ring of protection from magic]

   It protects you from fire.
   It insulates you from electricity.
   It affects your resistance to hostile enchantments.
 m - a ring of protection from magic (right tentacle) {MR+}
 r - an amulet of regeneration (around mantle) {+Regen}
 y - a +3 ring of dexterity (on tentacle)
 C - an uncursed ring of fire {rF+ rC-}
 G - an uncursed amulet of guardian spirit {Spirit}
 J - a +3 ring of dexterity (on tentacle)
Wands
 E - a wand of enslavement (3)
 I - a wand of iceblast (5)
 P - a wand of random effects (11)
 U - a wand of polymorph (13)
Scrolls
 j - 3 scrolls of fear
 p - 3 scrolls of amnesia
 w - a scroll of magic mapping {unknown}
 x - 6 scrolls of noise {unknown}
 B - a scroll of blinking {@r4}
 F - 2 scrolls of enchant armour {unknown}
 M - a scroll of random uselessness {unknown}
 N - 5 scrolls of remove curse {@r2}
 R - a scroll of identify {@r1}
 T - a scroll of teleportation {@r3}
Potions
 c - 2 potions of brilliance {unknown}
 e - a potion of agility {unknown}
 k - a potion of cancellation
 l - 2 potions of flight
 n - a potion of resistance {unknown}
 q - a potion of invisibility {unknown}
 s - 3 potions of lignification {unknown}
 t - a potion of magic {unknown}
 H - 2 potions of haste {@q5}
 L - a potion of mutation {unknown}
Comestibles
 z - 8 rations
 S - 2 chunks of flesh


   Skills:
 + Level 7.8 Fighting
 - Level 3.3 Long Blades
 - Level 6.3 Maces & Flails
 + Level 7.7 Dodging
 - Level 5.2 Stealth
 + Level 6.7 Shields
 - Level 2.3 Spellcasting
 - Level 2.0 Conjurations
 - Level 2.0 Summonings
 + Level 4.0 Translocations
 - Level 2.1 Fire Magic


You had 6 spell levels left.
You knew the following spells:

 Your Spells              Type           Power        Failure   Level  Hunger
a - Call Imp              Summ           #.......     41%         2    ###....
d - Blink                 Tloc           N/A          19%         2    ###....
j - Conjure Flame         Conj/Fire      #.......     65%         3    ###....

Your spell library contained the following spells:

 Spells                   Type           Power        Failure   Level  Hunger
 Magic Dart               Conj           #...         28%         1    #......
 Shroud of Golubria       Chrm/Tloc      #.....       41%         2    ###....
 Infusion                 Chrm           #...         54%         1    #......
 Slow                     Hex            #.......     69%         2    ###....
 Song of Slaying          Chrm           #.......     69%         2    ###....
 Mephitic Cloud           Conj/Pois/Air  #.......     83%         3    ###....
 Regeneration             Chrm/Necr      #.........   89%         3    ###....
 Spectral Weapon          Hex/Chrm       #.......     89%         3    ###....


Dungeon Overview and Level Annotations

Branches:
Dungeon (10/15)            Temple (0/1) D:6             Orc (0/2) D:10
   Lair: D:8-11

Altars:
Dithmenos
Makhleb
Okawaru
Ru
Xom
The Shining One

Annotations:
D:8 exclusion: glowing shapeshifter
D:10 Josephine


Innate Abilities, Weirdness & Mutations

You cannot wear most types of armour.
You are very stealthy in the water. (Stealth+)
You are amphibious.
You can wear up to eight rings at the same time.
You can use your tentacles to constrict eight enemies at once.
Your skin changes colour to match your surroundings (Stealth+).
Your rubbery body absorbs attacks. (AC +1, EV +1)
Scrolls take you longer to read.
You are frail. (-10% HP)
You are weak. (Str -2)
You expend magic power (3 MP) to strengthen your wands.


Message History

* * * LOW HITPOINT WARNING * * *
You are lethally poisoned!
You feel as though you will be slow longer.
* * * LOW HITPOINT WARNING * * *
You feel sick. The hornet stings you.
* * * LOW HITPOINT WARNING * * *
You feel as though you will be slow longer.
Something hits your shadow imp but does no damage.
Your shadow imp hits the hippogriff.
You can move again.
You take 30 damage, and have 3/64 hp.
MASSIVE DAMAGE!!
Unknown command.
Okay, then.
Unknown command.
Okay, then.
Your magical effects are unravelling.
You feel magically purged.
You feel yourself speed up.
You feel a little less mighty now.
You die...
Xom howls with laughter!

... ..........>..... ...
................ ...
...(............ ...
.......$........ #######
+####[......... .......
#.5.Z...... ## #HW........ .#
+y#........ .# #@#........ .#
#.#####.... .# #.....#..## .##
####.....#..# ... #........#..#
......
...##########...)....#..####.....
.....................#.....#.....
.....................#.....#.....
.....................#...###.....


You could see a hippogriff, a hornet, a wraith and a friendly shadow imp.

Vanquished Creatures
  Pikel (D:5)
  2 trolls (D:10)
  A hornet (D:8)
  Sigmund (D:3)
  A hungry ghost (D:9)
  A warg (D:10)
  A soldier ant (D:6)
  2 water moccasins
  2 sky beasts
  3 ogres
  An eye of draining (D:9)
  A slave (D:6)
  2 phantoms
  2 centaurs
  A necrophage (D:7)
  3 big kobolds
  3 bullfrogs
  A scorpion (D:9)
  A howler monkey (D:4)
  7 wights
  6 crimson imps
  5 bullfrog zombies
  4 quasits
  A gnoll shaman (D:8)
  2 hounds (D:5)
  4 jellies
  3 bullfrog skeletons
  14 orc wizards
  Crazy Yiuf (D:3)
  4 orc priests
  5 centaur skeletons
  An iguana (D:6)
  Ijyb (D:3)
  Terence (D:2)
  6 worker ants
  A killer bee zombie (D:5)
  4 hound zombies (D:5)
  3 hound skeletons
  2 worker ant zombies
  7 adders
  3 shadow imps
  2 oozes
  An adder skeleton (D:5)
  3 adder zombies
  2 worms (D:3)
  2 dart slugs
  6 leopard geckos
  32 orcs
  2 ball pythons
  4 bats
  2 giant cockroaches
  9 goblins
  9 hobgoblins
  18 jackals
  A ball python skeleton (D:5)
  A ball python zombie (D:5)
  5 frilled lizards
  A giant cockroach zombie (D:5)
  A jackal skeleton (D:5)
  21 kobolds
  2 leopard gecko zombies (D:5)
  A quokka skeleton (D:5)
  2 quokka zombies (D:5)
  9 rats
251 creatures vanquished.

Vanquished Creatures (collateral kills)
  Sonja (D:10)
  An ogre (D:5)
  2 bullfrog zombies
  2 orc wizards (D:7)
  5 orcs (D:10)
  2 jackals (D:10)
  A giant cockroach zombie (D:5)
  A jackal zombie (D:5)
15 creatures vanquished.

Vanquished Creatures (others)
  2 slaves (D:6)
  An ogre (D:7)
  A bullfrog skeleton (D:5)
4 creatures vanquished.

Grand Total: 270 creatures vanquished

Notes
Turn   | Place    | Note
-------+----------+-------------------------------------------
     0 | D:1      | Redear the Octopode Chaos Knight began the quest for the
                  | Orb.
     0 | D:1      | Reached XP level 1. HP: 16/16 MP: 1/1
    25 | D:1      | XOM: potion effect (curing)
    27 | D:1      | Reached skill level 1 in Stealth
    27 | D:1      | Reached XP level 2. HP: 9/21 MP: 2/2
   325 | D:1      | Reached XP level 3. HP: 14/26 MP: 3/3
   535 | D:2      | Reached skill level 2 in Stealth
   756 | D:2      | Noticed Terence
   767 | D:2      | Killed Terence
   767 | D:2      | Reached skill level 3 in Dodging
   767 | D:2      | Reached XP level 4. HP: 20/31 MP: 4/4
   855 | D:2      | Reached skill level 1 in Maces & Flails
  1094 | D:2      | XOM: give mutation
  1094 | D:2      | Gained mutation: Your body sometimes deteriorates upon
                  | taking damage. [Xom's mischief]
  1355 | D:2      | XOM: god gift: pitted glass ring {god gift}
  1356 | D:2      | Got a pitted glass ring {god gift}
  1471 | D:3      | XOM: 3-stop teleportation journey
  1524 | D:3      | Noticed Ijyb
  1534 | D:3      | Killed Ijyb
  1534 | D:3      | Reached skill level 3 in Stealth
  1534 | D:3      | Reached XP level 5. HP: 35/37 MP: 5/5
  1639 | D:3      | XOM: polymorph orc -> adder
  1843 | D:3      | Found a runed translucent door.
  1844 | D:3      | Noticed Crazy Yiuf
  1849 | D:3      | XOM: harmless Ice miscast
  1959 | D:3      | Noticed Sigmund
  1967 | D:3      | Killed Sigmund
  1967 | D:3      | Reached skill level 4 in Fighting
  1967 | D:3      | Reached skill level 2 in Maces & Flails
  1967 | D:3      | Reached skill level 4 in Stealth
  1967 | D:3      | Reached skill level 1 in Shields
  1967 | D:3      | Reached XP level 6. HP: 39/43 MP: 6/6
  2033 | D:3      | XOM: harmless Hex miscast
  2325 | D:3      | Identified the ring of Tusigito {rElec rF+ MR+} (Xom gifted
                  | it to you on level 2 of the Dungeon)
  2430 | D:3      | Killed Crazy Yiuf
  2430 | D:3      | Reached skill level 4 in Dodging
  2556 | D:4      | Reached XP level 7. HP: 37/49 MP: 7/7
  2582 | D:4      | XOM: harmless Hex miscast
  2589 | D:4      | Reached skill level 2 in Shields
  2767 | D:4      | XOM: scenery: create altars
  2803 | D:4      | XOM: harmless Conj miscast
  3002 | D:4      | XOM: harmless Chrm miscast
  3137 | D:5      | Entered Level 5 of the Dungeon
  3198 | D:5      | Reached skill level 3 in Maces & Flails
  3198 | D:5      | Reached skill level 5 in Stealth
  3476 | D:5      | XOM: polymorph centaur -> sky beast
  3477 | D:5      | XOM: smoke on damage
  3529 | D:5      | Reached skill level 5 in Fighting
  3529 | D:5      | Reached skill level 3 in Shields
  3551 | D:5      | Reached XP level 8. HP: 17/55 MP: 8/8
  3554 | D:5      | HP: 5/55 [orc/+1 flail of venom (7)]
  3787 | D:5      | XOM: silly message
  3800 | D:5      | XOM: enchant monster (bad)
  4114 | D:5      | XOM: 1-stop teleportation journey
  4189 | D:5      | XOM: swap monsters
  4192 | D:5      | Reached skill level 5 in Dodging
  4204 | D:5      | XOM: harmless Fire miscast
  4215 | D:5      | Reached skill level 4 in Maces & Flails
  4239 | D:5      | XOM: confusion (+ monsters)
  4267 | D:5      | XOM: confuse monster(s)
  4269 | D:5      | XOM: summons 3 friendly demons
  4322 | D:5      | Reached skill level 4 in Shields
  4620 | D:5      | XOM: scenery: create altars
  4667 | D:5      | XOM: god gift: leather armour {god gift}
  4822 | D:5      | XOM: 6-stop teleportation journey
  5217 | D:5      | XOM: destruction
  5225 | D:5      | Reached skill level 6 in Fighting
  5334 | D:5      | Reached XP level 9. HP: 54/62 MP: 9/9
  5575 | D:5      | Reached skill level 6 in Dodging
  5633 | D:6      | XOM: scenery: create altars
  5646 | D:6      | Found a shadowy altar of Dithmenos.
  5648 | D:6      | Found an iron altar of Okawaru.
  5755 | D:6      | Found a staircase to the Ecumenical Temple.
  5810 | D:6      | Noticed Pikel
  5818 | D:6      | XOM: polymorph slave -> soldier ant
  5828 | D:6      | XOM: divination: detect creatures
  5842 | D:6      | XOM: enchant monster (bad)
  5910 | D:6      | Reached skill level 5 in Maces & Flails
  5946 | D:5      | Killed Pikel
  5946 | D:5      | Reached skill level 5 in Shields
  6016 | D:5      | XOM: medium Air miscast
  6051 | D:6      | HP: 6/63 [poison (poison gas)]
  6059 | D:6      | HP: 6/63 [poison (poison gas)]
  6188 | D:6      | XOM: medium Conj miscast
  6339 | D:6      | XOM: severe Erth miscast
  6455 | D:6      | XOM: harmless Pois miscast
  6547 | D:5      | XOM: harmless Conj miscast
  6748 | D:6      | Found a sacrificial altar of Ru.
  6748 | D:6      | Found a glowing golden altar of the Shining One.
  6828 | D:6      | XOM is BORED!
  6828 | D:6      | XOM: noise
  7068 | D:7      | XOM: divination: magic mapping
  7360 | D:7      | XOM: enchant monster (good)
  7463 | D:7      | Reached skill level 7 in Fighting
  7501 | D:7      | Learned a level 2 spell: Blink
  7504 | D:7      | Learned a level 2 spell: Call Imp
  7508 | D:7      | Learned a level 3 spell: Conjure Flame
  7738 | D:7      | XOM: fog
  7765 | D:7      | XOM: mild Erth miscast
  7771 | D:7      | XOM: scenery: create altars
  7785 | D:7      | Reached skill level 1 in Conjurations
  7785 | D:7      | Reached skill level 1 in Summonings
  7785 | D:7      | Reached skill level 1 in Translocations
  7785 | D:7      | Reached skill level 1 in Fire Magic
  8105 | D:7      | Reached skill level 1 in Spellcasting
  9048 | D:7      | XOM: scenery: create altars
  9118 | D:8      | Reached XP level 10. HP: 71/71 MP: 12/12
  9168 | D:8      | Noticed a two-headed ogre
  9227 | D:8      | Noticed a glowing shapeshifter
  9227 | D:8      | a gnoll changed into a glowing shapeshifter
  9227 | D:8      | XOM: polymorph gnoll -> glowing shapeshifter
  9291 | D:8      | XOM: potion effect (brilliance)
  9316 | D:8      | Noticed a glowing shapeshifter
  9316 | D:8      | a two-headed ogre changed into a glowing shapeshifter
  9316 | D:8      | XOM: polymorph two-headed ogre -> glowing shapeshifter
  9317 | D:8      | Noticed a shock serpent
  9317 | D:8      | a glowing shapeshifter changed into a shock serpent
  9322 | D:8      | Noticed a swamp dragon
  9322 | D:8      | a shock serpent changed into a swamp dragon
  9323 | D:8      | XOM: summons 2 friendly demons
  9394 | D:7      | XOM: scenery: create altars
  9423 | D:8      | Reached skill level 2 in Conjurations
  9423 | D:8      | Reached skill level 2 in Summonings
  9423 | D:8      | Reached skill level 2 in Translocations
  9423 | D:8      | Reached skill level 2 in Fire Magic
  9444 | D:8      | Reached skill level 2 in Spellcasting
  9693 | D:7      | XOM: summons 4 hostile shadow creatures
  9843 | D:8      | XOM is BORED!
  9843 | D:8      | XOM: medium Hex miscast
  9946 | D:8      | XOM: swap monsters
  9949 | D:8      | XOM: 1-stop teleportation journey
 10108 | D:8      | Reached skill level 6 in Maces & Flails
 10111 | D:8      | XOM: god gift: 45 gold pieces
 10212 | D:8      | XOM: give mutations
 10212 | D:8      | Gained mutation: Scrolls take you a little longer to read.
                  | [Xom's mischief]
 10212 | D:8      | Gained mutation: Scrolls take you longer to read. [Xom's
                  | mischief]
 10579 | D:8      | XOM: cast spell 'Disjunction'
 10693 | D:9      | Reached skill level 7 in Dodging
 10991 | D:9      | XOM: give mutations
 10991 | D:9      | Lost mutation: Your body sometimes deteriorates upon taking
                  | damage. [Xom's mischief]
 10991 | D:9      | Gained mutation: You are weak. (Str -2) [Xom's mischief]
 10991 | D:9      | Gained mutation: You are frail. (-10% HP) [Xom's mischief]
 10991 | D:9      | Gained mutation: You expend magic power (3 MP) to
                  | strengthen your wands. [Xom's mischief]
 11108 | D:9      | Reached skill level 6 in Shields
 11402 | D:9      | Found a burning altar of Makhleb.
 11446 | D:9      | Reached skill level 3 in Translocations
 11665 | D:10     | Entered Level 10 of the Dungeon
 11714 | D:10     | Noticed Sonja
 11722 | D:10     | XOM: summons friendly shadow imp
 11726 | D:10     | XOM: cleaving
 11735 | D:10     | XOM: summons 2 friendly demons
 11741 | D:10     | Killed Sonja
 11904 | D:10     | Found a staircase to the Orcish Mines.
 11912 | D:10     | Noticed Josephine
 11919 | D:10     | Reached skill level 4 in Translocations
 11922 | D:10     | Paralysed by a hornet for 2 turns
 11923 | D:10     | HP: 3/64 [hornet (4)]
 11924 | D:10     | Succumbed to a hornet's poison

Levels and vault maps discovered:
D:1:      dpeg_arrival_shelter, layout_rooms
D:2:      layout_loops_ring, uniq_terence
D:3:      layout_loops_cross, uniq_crazy_yiuf_cottage, uniq_ijyb, uniq_sigmund
D:4:      layout_cave_pools, grunt_ministairs_15
D:5:      layout_gridville, first_ration, serial_undead, serial_undead_f,
          serial_undead_a, serial_undead_d, serial_undead_c, serial_undead_c,
          serial_undead_f, serial_undead_e, serial_undead_e, serial_undead_f,
          serial_undead_e
D:6:      layout_rooms, chequers_temple_overflow_statue_of_worship,
          gammafunk_temple_overflow_wave, minmay_temple_entry_enclosed_plants,
          uniq_pikel
D:7:      layout_basic, minmay_a_box_with_orc_wizards_in_it
D:8:      minmay_general_purpose_star, layout_loops_ring
D:9:      layout_loops_ring, basic_altar
D:10:     layout_irregular_city, erik_lair_orcish_takeover, david_orc_3,
          minmay_misc_feat_doors, uniq_sonja, uniq_josephine

Skill      XL: |  1  2  3  4  5  6  7  8  9 10 |
---------------+-------------------------------+-----
Stealth        | 1 2 3 4 5 |  5.2
Dodging        | 3 4 5 6 7 |  7.7
Maces & Flails | 1 2 3 4 5 6 |  6.3
Fighting       | 4 5 6 7 |  7.8
Shields        | 1 3 4 5 6 |  6.7
Conjurations   | 1 2 |  2.0
Summonings     | 1 2 |  2.0
Translocations | 1 4 |  4.0
Fire Magic     | 1 2 |  2.1
Spellcasting   | 1 2 |  2.3
Long Blades    | |  3.3

Action                   |  1- 3 |  4- 6 |  7- 9 | 10-12 || total
-------------------------+-------+-------+-------+-------++-------
Melee: Falchion          |    41 |       |       |       ||    41
       Constrict         |    17 |    37 |    98 |    34 ||   186
       Tentacles         |    11 |    29 |   125 |    74 ||   239
       Whip              |    23 |   131 |   501 |   265 ||   920
       Dagger            |       |       |       |    32 ||    32
Evoke: Wand              |       |       |     3 |     1 ||     4
  Use: Scroll            |       |     5 |    11 |     1 ||    17
       Potion            |       |       |     5 |     3 ||     8
 Stab: Sleeping          |     8 |     9 |    19 |    14 ||    50
       Confused          |     1 |       |     2 |       ||     3
  Eat: Chunk             |       |     5 |    12 |     5 ||    22
       Ration            |       |       |     3 |     2 ||     5
Armor: Skin              |     4 |     6 |    15 |     4 ||    29
Dodge: Dodged            |    50 |    52 |   219 |   128 ||   449
Block: Large shield      |       |    23 |    99 |       ||   122
       Shield            |       |       |   121 |   101 ||   222
       Rpst.: Falchion   |     9 |       |       |       ||     9

Table legend:
 A = Non-vault XP
 B = Vault XP
 C = Vault XP percentage of total XP
 D = Non-vault monster count
 E = Vault monster count
 F = Vault count percentage of total count
                 A         B        C        D         E       F
            +---------+---------+-------+---------+---------+-------
      Total |    6218 |    2252 |  26.6 |     224 |      42 |  15.8
            +---------+---------+-------+---------+---------+-------
        D:1 |      39 |       0 |   0.0 |      22 |       0 |   0.0
        D:2 |      54 |      36 |  40.0 |      21 |       1 |   4.5
        D:3 |     128 |     302 |  70.2 |      30 |       3 |   9.1
        D:4 |     219 |       4 |   1.8 |      15 |       1 |   6.2
        D:5 |    1156 |    1138 |  49.6 |      31 |      26 |  45.6
        D:6 |     288 |       0 |   0.0 |      13 |       0 |   0.0
        D:7 |    1101 |     146 |  11.7 |      28 |       5 |  15.2
        D:8 |    1141 |      11 |   1.0 |      21 |       1 |   4.5
        D:9 |    1089 |       0 |   0.0 |      23 |       0 |   0.0
       D:10 |    1003 |     615 |  38.0 |      20 |       5 |  20.0
            +---------+---------+-------+---------+---------+-------
